 Dungeon Crawl Stone Soup version 0.30-a0-913-g9934a0c (webtiles) character file.

Game seed: 10763345020526564773

41 Nithhogg the Trooper (level 3, 0/32 (33) HPs)
             Began as a Hill Orc Fighter on Mar 19, 2023.
             Killed by nerve-wracking pain
             ... invoked by Jessica
              (7 damage)
             ... on level 3 of the Dungeon.
             The game lasted 00:03:50 (1512 turns).

Nithhogg the Trooper (Hill Orc Fighter)             Turns: 1512, Time: 00:03:51

HP:   0/32 (33)     AC:  7    Str: 20    XL:     3   Next: 52%
MP:   4/4           EV:  9    Int:  8    God:
Gold: 121           SH:  0    Dex: 10    Spells: 2/2 levels left

rFire   . . .      SeeInvis .    a - +0 war axe
rCold   . . .      Faith    .    (no shield)
rNeg    . . .      Spirit   .    b - +1 scale mail
rPois   .          Reflect  .    (no helmet)
rElec   .          Rampage  .    (no cloak)
rCorr   .                        (no gloves)
Will    .....                    (no boots) Stlth
                                 (no amulet)
HPRegen 0.25/turn                (no ring)
MPRegen 0.09/turn                (no ring)

@: lightly drained
A: no striking features
a: no special abilities


You were on level 3 of the Dungeon.
You visited 1 branch of the dungeon, and saw 3 of its levels.

You collected 121 gold pieces.

Inventory:

Hand Weapons
 a - a +0 war axe (weapon)
Armour
 b - a +1 scale mail (worn)
 c - a +0 buckler
Jewellery
 j - a ring of protection from fire
Scrolls
 f - 2 scrolls of identify
 h - a scroll of magic mapping {unknown}
 i - a scroll of amnesia
 l - a scroll of enchant armour
Potions
 d - a potion of brilliance {unknown}
 g - a potion of lignification {unknown}
 k - 2 potions of curing


   Skills:
 + Level 4.0 Fighting
 * Level 3.9 Axes
 + Level 3.6 Armour
 - Level 3.2 Shields
 + Level 1.5 Invocations


You had 2 spell levels left.
You didn't know any spells.
Your spell library was empty.

Dungeon Overview and Level Annotations

Branches:
Dungeon (3/15)

Altars:
Ashenzari

Shops:
D:2 [

Annotations:
D:2 Crazy Yiuf
D:3 Jessica


Message History

No target in view!
No target in view!
No target in view!
Jessica is nearby!
Things that are here:
a +0 dagger; a goblin corpse
Found a scale mail.
Jessica casts a spell at you. You resist with some effort.
Jessica hits you with a +0 dagger.
A quokka comes into view.
You completely miss Jessica. Jessica hits you but does no damage.
Jessica hits you with a +0 dagger.
You barely miss Jessica. Jessica gestures at you while chanting.
Pain shoots through your body!
You closely miss Jessica. Jessica hits you with a +0 dagger.
You barely miss Jessica. Jessica hits you but does no damage.
Jessica misses you.
You barely miss Jessica. You hit the quokka but do no damage.
The quokka bites you but does no damage. x2
Jessica hits you with a +0 dagger.
You are too injured to fight recklessly!
You are too injured to fight recklessly!
You are too injured to fight recklessly!
There are monsters nearby!
The quokka attacks as you move away! The quokka bites you.
Jessica attacks as you move away! Jessica hits you with a +0 dagger.
The quokka attacks as you move away! The quokka bites you.
* * * LOW HITPOINT WARNING * * *
The quokka bites you.
* * * LOW HITPOINT WARNING * * *
Things that are here:
a +0 dagger; a goblin corpse You closely miss the quokka.
The quokka barely misses you.
You slash the quokka!
You kill the quokka!
Jessica casts a spell at you. Pain shoots through your body!
You die...

........##........###
................).#
..................#
..................+
..................#
...............<..#
..................#
........##.#.#+#+#
##+#.#####@#.#
...#####.#.#
##..[...@..#
#####.....# ##....#
##.#... ........
#...#....# #... ....#


You could see Jessica.

Vanquished Creatures
  An adder (D:2)
  2 endoplasms (D:1)
  A giant cockroach (D:2)
  A goblin (D:3)
  7 hobgoblins
  2 kobolds
  A quokka (D:3)
  6 ball pythons
  2 bats (D:1)
  4 frilled lizards
  5 rats
32 creatures vanquished.

Notes
Turn   | Place    | Note
-------+----------+-------------------------------------------
     0 | D:1      | Nithhogg the Hill Orc Fighter began the quest for the Orb.
     0 | D:1      | Reached XP level 1. HP: 19/19 MP: 1/1
   119 | D:1      | Reached XP level 2. HP: 27/27 MP: 2/2
   120 | D:1      | Found a faded altar of an unknown god.
   180 | D:1      | Reached skill level 1 in Invocations
   697 | D:2      | Reached skill level 4 in Fighting
   697 | D:2      | Reached XP level 3. HP: 12/33 MP: 2/4
  1058 | D:2      | Found a runed translucent door.
  1059 | D:2      | Noticed Crazy Yiuf
  1127 | D:2      | Found Rolyrary's Armour Boutique.
  1332 | D:2      | HP: 1/32 [Crazy Yiuf/+2 quarterstaff of chaos (5)]
  1471 | D:3      | Found a broken altar of Ashenzari.
  1495 | D:3      | Noticed Jessica
  1512 | D:3      | Killed from afar by Jessica

Illustrated notes

Levels and vault maps discovered:
D:1:      eino_arrival_tree_alley, layout_rooms,
          nicolae_ecumenical_snake_handling, st_stairs_2
D:2:      layout_loops_ring, serial_shops, nicolae_diamond_shop,
          uniq_crazy_yiuf_cottage
D:3:      layout_basic, mainiacjoe_overflow_paths,
          nicolae_overflow_crystal_walls,
          chequers_temple_overflow_statue_of_worship, kennysheep_flooded_box,
          minmay_goblin_outpost, uniq_ijyb, uniq_sigmund, uniq_jessica,
          uniq_robin

Skill      XL: |  1  2 |
---------------+-------+-----
Axes           | 3 |  3.9
Invocations    | 1 |  1.5
Fighting       | 4 |  4.0
Armour         | |  3.6
Shields        | |  3.2

Action                     || total
---------------------------++-------
  Melee: War axe           ||   103
         Punch             ||     2
    Use: Potion            ||     3
         Scroll            ||     4
 Armour: Scale mail        ||    50
  Dodge: Dodged            ||    61

Table legend: (Time is in decaauts)
 A = Elapsed time spent in this place.
 B = Non-inter-level travel time spent in this place.
 C = Inter-level travel time spent in this place.
 D = Time resting spent in this place.
 E = Time spent auto-exploring this place.
 F = Levels seen in this place.
 G = Mean time per level.
                   A        B        C        D        E       F      G
               +--------+--------+--------+--------+--------+-----+--------+
         Total |   1544 |   1505 |     39 |      0 |   1218 |   3 |  514.7 |
       Dungeon |   1544 |   1505 |     39 |      0 |   1218 |   3 |  514.7 |
               +--------+--------+--------+--------+--------+-----+--------+

Top non-repeatable levels by time:
     D:2: 862 daAuts
     D:1: 535 daAuts
     D:3: 146 daAuts
